Map: Jagannatha LE

Players

Faintear - Winner!

  • Race: Terran Terran
  • Spawn Location: 1:00

killer

  • Race: Terran Terran
  • League: Bronze
  • Spawn Location: 7:00

VOD

Have the link to the VOD?

Description

Time

  • Played on: Nov. 11, 2020, 7:03 p.m.
  • Length: 12:17
Show
View Real Time Build Order
Export as new Build Order

Faintear Terran - Winner!

Build Orders: Mech 

Get SALT Encoding   

  12  0:00  SCV  
  13  0:12  SCV  
  14  0:18  Supply Depot  
  14  0:25  SCV  
  15  0:40  SCV  
  16  0:42  Barracks  
  16  0:52  SCV  
  16  0:54  Refinery  
  17  1:04  SCV  
  18  1:16  SCV  
  19  1:32  Orbital Command  
  19  1:37  Command Center  
  19  1:55  Factory  
  19  2:03  SCV  
  19  2:06  Barracks Tech Lab  
  20  2:17  Supply Depot  
  20  2:21  SCV  
  21  2:33  SCV  
  21  2:35  Marine  
  21  2:45  SCV  
  22  2:57  SCV  
  22  3:09  SCV  
  22  3:10  Barracks Reactor  
  23  3:21  SCV  
  23  3:26  Siege Tank  
  26  3:32  Refinery  
  26  3:33  SCV  
  27  3:46  SCV  
  28  3:58  SCV  
  28  4:02  Command Center  
  29  4:07  Orbital Command  
  28  4:10  SCV, Siege Tank  
  32  4:25  SCV  
  33  4:37  SCV  
  34  4:39  Factory  
  34  4:43  Refinery  
  34  4:44  SCV  
  34  4:45  Refinery  
  35  5:01  Siege Tank  
  35  5:06  Engineering Bay  
  38  5:07  Armory  
  38  5:12  SCV  
  38  5:13  SCV  
  40  5:25  SCV x2  
  42  5:30  Orbital Command  
  42  5:37  SCV, Command Center  
  42  5:38  Siege Tank  
  46  5:45  SCV  
  46  5:49  SCV  
  49  5:57  SCV  
  49  6:00  Orbital Command  
  49  6:01  SCV  
  50  6:09  SCV  
  50  6:10  Factory  
  51  6:13  SCV  
  51  6:17  Supply Depot  
  51  6:18  Thor, Supply Depot  
  58  6:19  Supply Depot  
  58  6:21  SCV  
  59  6:30  SCV  
  59  6:32  SCV  
  61  6:33  SCV  
  61  6:37  Terran Vehicle Weapons Level 1  
  62  6:41  Armory  
  62  6:42  SCV  
  62  6:44  SCV  
  62  6:45  SCV  
  65  6:48  Hellbat x2  
  68  6:54  SCV  
  68  6:56  SCV  
  67  7:02  SCV  
  67  7:06  SCV  
  69  7:11  Factory Reactor  
  69  7:16  SCV  
  69  7:21  Refinery  
  70  7:23  Refinery  
  70  7:28  SCV  
  71  7:32  Command Center  
  71  7:38  Hellbat x2, Thor  
  71  7:40  SCV  
  82  7:50  Factory  
  82  7:51  SCV x2  
  82  7:53  SCV  
  82  7:54  Factory  
  85  8:03  SCV x2  
  85  8:05  SCV  
  86  8:06  Hellbat x2  
  90  8:14  Hellbat x2  
  94  8:20  SCV x3  
  97  8:32  SCV x3  
  100  8:36  Planetary Fortress  
  100  8:44  SCV x3  
  107  8:48  Hellbat x2  
  107  8:49  Factory Tech Lab x2, Thor  
  113  8:55  Terran Vehicle Weapons Level 2  
  113  8:56  SCV  
  113  8:57  Terran Vehicle And Ship Armor Level 1  
  114  9:04  Command Center  
  114  9:08  Thor  
  114  9:09  Hellbat  
  122  9:15  Supply Depot x2  
  122  9:16  Missile Turret  
  122  9:17  Supply Depot  
  122  9:19  Missile Turret  
  122  9:28  Thor  
  122  9:29  Hellbat  
  122  9:30  Hellbat  
  122  9:31  Hellbat  
  134  9:40  SCV  
  134  9:41  SCV, Refinery  
  134  9:43  SCV x2  
  138  9:51  Thor  
  138  9:52  Hellbat x2  
  150  9:53  SCV x2, Hellbat x2  
  154  10:12  Planetary Fortress  
  154  10:15  Thor  
  154  10:17  Hellbat x4  
  168  10:27  SCV x2  
  168  10:28  SCV x2, Factory Tech Lab  
  172  10:37  Supply Depot  
  172  10:38  Supply Depot  
  172  10:39  SCV, Supply Depot  
  172  10:40  Thor, Hellbat x3  
  172  10:41  Supply Depot x2  
  185  10:49  Thor  
  191  10:59  Thor  
  191  11:01  Command Center  
  191  11:02  Hellbat  
  200  11:04  SCV  
  200  11:10  Missile Turret  
  200  11:13  Missile Turret  
  200  11:34  Factory  
  200  11:40  Factory x2  
  200  11:42  Factory x2  
  200  11:46  Factory  
Show
View Real Time Build Order
Export as new Build Order

killer Terran 

Build Orders: Reaper Expand 

Get SALT Encoding   

  12  0:20  Supply Depot  
  12  0:29  Supply Depot  
  12  0:39  SCV  
  12  0:41  Refinery  
  13  0:51  SCV  
  13  0:52  Supply Depot  
  14  0:57  Barracks  
  14  1:14  Supply Depot  
  14  1:23  SCV  
  15  1:31  Refinery  
  15  1:35  SCV  
  16  1:47  SCV, Reaper  
  18  1:55  Barracks  
  18  2:06  Barracks  
  18  2:20  Barracks Reactor  
  18  2:59  Ghost Academy, Barracks Reactor  
  18  3:25  Reaper x2  
  19  3:40  Factory  
  19  3:41  Reaper  
  19  3:43  Reaper  
  19  4:19  Orbital Command  
  19  4:25  Factory Tech Lab  
  19  4:40  Barracks Tech Lab  
  17  5:27  Factory Tech Lab  
  17  5:35  SCV  
  18  5:46  Command Center, Siege Tank  
  18  5:47  SCV, Refinery  
  22  5:59  SCV  
  23  6:41  Siege Tank  
  26  7:15  Marine  
  26  7:16  Marine  
  26  7:18  Barracks Reactor  
  26  7:20  SCV  
  29  7:32  SCV  
  29  7:33  Marine  
  29  7:34  Marine  
  32  7:42  Command Center  
  32  7:44  SCV  
  32  7:51  Marine x2  
  33  7:56  SCV  
  29  8:08  SCV  
  24  8:21  Starport  
  24  8:26  Factory  
  24  9:11  SCV  
  24  9:14  Orbital Command  
  25  9:23  SCV  
  26  9:28  Refinery  
  26  9:37  Starport Tech Lab, Fusion Core  
  26  9:43  Orbital Command  
  26  9:49  Supply Depot  
  26  9:57  SCV  
  27  10:08  Barracks Reactor, Factory Tech Lab  
  27  10:09  SCV  
  27  10:13  Refinery  
  28  10:14  Refinery  
  28  10:17  SCV  
  28  10:21  SCV  
  30  10:29  SCV  
  30  10:33  SCV  
  32  10:41  SCV  
  33  10:45  SCV  
  34  10:52  Battlecruiser  
  34  10:54  SCV, Starport  
  34  10:55  Starport  
  41  11:15  SCV  
  41  11:17  SCV  
  43  11:21  Siege Tank  
  46  11:27  SCV  
  46  11:28  Supply Depot  
  46  11:29  SCV  
  46  11:32  Starport Tech Lab  
  48  11:33  Starport Tech Lab  
  48  11:39  SCV  
  49  11:41  SCV  
  50  11:50  Supply Depot  
  50  11:51  Command Center  
  50  11:53  SCV  
  51  12:05  SCV  
Tags
 
Composition
Mech
League
Bronze
Matchup
TvT
Race
Terran
Spawn Locations
Cross Positions
Add a new tag
Caveats
  • Supply blocks, unpowered buildings, or Contaminate may cause inaccurate times.
  • Supply counts are checked every 10 seconds.